 Dungeon Crawl Stone Soup version 0.22-a0-605-g9281fa2 (webtiles) character file.

2 Amnesiac the Magician (level 1, -1/11 HPs)
             Began as a Deep Elf Transmuter on July 8, 2018.
             Slain by a hobgoblin (5 damage)
             ... on level 1 of the Dungeon.
             The game lasted 00:00:44 (416 turns).

Amnesiac the Magician (Deep Elf Transmuter)          Turns: 416, Time: 00:00:45

Health: -1/11      AC:  2    Str:  7    XL:     1   Next: 33%
Magic:  6/6        EV: 13    Int: 17    God:
Gold:   10         SH:  0    Dex: 15    Spells: 5/6 levels left

rFire    . . .     SeeInvis .     - Unarmed
rCold    . . .     Gourm    .   (no shield)
rNeg     . . .     Faith    .   b - +0 robe
rPois    .         Spirit   .   (no helmet)
rElec    .         Reflect  .   (no cloak)
rCorr    .         Harm     .   (no gloves)
MR       .....                  (no boots)
Stlth    +.........             (no amulet)
HPRegen  0.03/turn              (no ring)
MPRegen  0.10/turn              (no ring)

@: no status effects
A: no striking features
a: no special abilities


You were on level 1 of the Dungeon.
You were not hungry.

You visited 1 branch of the dungeon, and saw 2 of its levels.

You collected 10 gold pieces.

Inventory:

Missiles
 a - 12 arrows
Armour
 b - a +0 robe (worn)
Comestibles
 c - a chunk of flesh
 d - a ration


   Skills:
 - Level 0.7 Fighting
 - Level 2.4 Dodging
 - Level 2.4 Unarmed Combat
 - Level 3.0 Spellcasting
 + Level 2.5 Transmutations


You had 5 spell levels left.
You knew the following spells:

 Your Spells              Type           Power        Failure   Level  Hunger
b - Beastly Appendage     Tmut           ##....       6%          1    None

Your spell library contained the following spells:

 Spells                   Type           Power        Failure   Level  Hunger
 Spider Form              Tmut/Pois      #.........   30%         3    ###....
 Blade Hands              Tmut           ##........   86%         5    ######.
 Ice Form                 Ice/Tmut       #.......     71%         4    ####...
 Sticks to Snakes         Tmut           ##......     10%         2    ##.....


Dungeon Overview and Level Annotations

Branches:
Dungeon (2/15)

Altars:


Message History

You see here a frilled lizard skeleton.
You start resting.
Magic restored.
You start resting.
Your talons disappear.
Found 17 stones.
You now have 10 gold pieces.
A hobgoblin comes into view. It is wielding a club.
A hobgoblin is nearby!
Casting: Beastly Appendage (safe; 6% risk of failure)
Confirm with . or Enter, or press ? or * to list all spells.
You grow a pair of large bovine horns.
The hobgoblin shouts!
You hear a bark! x2
A jackal comes into view.
A jackal comes into view.
The jackal barks!
A jackal comes into view.
A jackal comes into view.
The jackal pauses to sniff the ground.
Your transformation is almost over.
Your horns disappear.
You see here 24 sling bullets.
Things that are here:
a club; a stone You see here a stone.
There is a stone staircase leading down here.
You climb downwards.
Found a leather armour.
There is a stone staircase leading up here.
A hobgoblin comes into view.
A hobgoblin is nearby!
Casting: Beastly Appendage (safe; 6% risk of failure)
Confirm with . or Enter, or press ? or * to list all spells.
Your feet morph into talons.
An adder comes into view.
The adder hisses angrily.
You barely miss the hobgoblin.
You punch the hobgoblin, but do no damage.
You closely miss the hobgoblin. The hobgoblin hits you.
You closely miss the hobgoblin. You claw the hobgoblin.
The hobgoblin is heavily wounded.
The hobgoblin hits you.
* * * LOW HITPOINT WARNING * * *
You aren't carrying any potions.
You aren't carrying any scrolls.
Unknown command.
The hobgoblin barely misses you.
Your transformation is almost over.
A kobold comes into view. It is wielding a dagger.
The kobold shouts!
Found a stone staircase leading up.
There is a stone staircase leading up here.
The hobgoblin misses you.
You climb upwards.
A kobold comes into view.
Found 12 poisoned needles.
There is a stone staircase leading down here.
Your talons disappear.
The kobold shouts!
The jackal barks!
You hear a bark!
The kobold throws a stone.
The stone misses you.
You see here a stone.
Found a scroll labeled JOFREAXKITENN.
The hobgoblin hits you.
You die...

##.## .#...#
###..... ...
... #.#..#
#####.#..#
#...@..?.#
#.###g##.#
###K# #...# #
# #h####.# #.
#(#....# .###
#.>....# ..#
#.....#..h..#
#.##
#.........(###
#..#


You could see a hobgoblin and a kobold.

Vanquished Creatures
  A hobgoblin (D:1)
  A frilled lizard (D:1)
  A kobold (D:1)
3 creatures vanquished.

Notes
Turn   | Place    | Note
-------+----------+-------------------------------------------
     0 | D:1      | Amnesiac the Deep Elf Transmuter began the quest for the Orb.
     0 | D:1      | Reached XP level 1. HP: 11/11 MP: 6/6
   416 | D:1      | Slain by a hobgoblin

Vault maps used:
D:1:      dpeg_arrival_simpleton_c, minmay_quantized
D:2:      uniq_terence

Action                   || total
-------------------------++-------
Melee: Unarmed           ||    18
       Headbutt          ||     2
       Kick              ||     1
       Punch             ||     1
 Cast: Beastly Appendage ||     5
Armor: Robe              ||     1
Dodge: Dodged            ||    11

Table legend:
 A = Spawn XP
 B = Non-spawn XP
 C = Spawn XP percentage of total XP
 D = Spawn monster count
 E = Non-spawn monster count
 F = Spawn count percentage of total count
 G = Total turns spent on level
                    A         B        C        D         E        F      G
               +---------+---------+-------+---------+---------+-------+---------
         Total |       0 |       4 |   0.0 |       0 |       3 |   0.0 |   416
               +---------+---------+-------+---------+---------+-------+---------
           D:1 |       0 |       4 |   0.0 |       0 |       3 |   0.0 |   392
               +---------+---------+-------+---------+---------+-------+---------
